 Dungeon Crawl Stone Soup version 0.29.1-15-g9cfb28693d (webtiles) character file.

Game seed: 9506628426617129308

39 H0rd4k the Charlatan (level 3, -1/24 HPs)
             Began as an Octopode Artificer on Mar 30, 2023.
             Slain by a goblin
             ... wielding a +0 dagger
             ... led by Robin
              (5 damage)
             ... on level 2 of the Dungeon.
             The game lasted 00:01:11 (1533 turns).

H0rd4k the Charlatan (Octopode Artificer)           Turns: 1533, Time: 00:01:12

Health: -1/24      AC:  1    Str: 11    XL:     3   Next: 47%
Magic:  5/5        EV: 13    Int: 15    God:
Gold:   101        SH:  0    Dex: 12    Spells: 4/4 levels left

rFire   . . .      SeeInvis .     - Unarmed
rCold   . . .      Faith    .   (no shield)
rNeg    . . .      Spirit   .   (helmet restricted)
rPois   .          Reflect  .   (no amulet)
rElec   .          Harm     .   (no ring)
rCorr   .          Rampage  .   (no ring)
Will    .....                   (no ring)
Stlth   +++.......              (no ring)
HPRegen 0.08/turn               (no ring)
MPRegen 0.09/turn               (no ring)
                                (no ring)
                                (no ring)

@: no status effects
A: almost no armour, amphibious, 8 rings, camouflage 1, gelatinous body 1,
(nimble swimmer 1), tentacles
a: no special abilities


You were on level 2 of the Dungeon.
You visited 1 branch of the dungeon, and saw 2 of its levels.

You collected 101 gold pieces.

Inventory:

Missiles
 f - 5 poisoned darts
Jewellery
 l - a ring of fire
Wands
 b - a wand of flame (15) (quivered)
 c - a wand of charming (13)
 d - a wand of iceblast (5)
Scrolls
 a - a scroll of teleportation {unknown}
 g - a scroll of fog {unknown}
 h - a scroll of noise {unknown}
 j - a scroll of amnesia {unknown}
 k - a scroll of poison {unknown}
 m - a scroll of vulnerability {unknown}
Potions
 e - a potion of might {unknown}
 i - a potion of curing


   Skills:
 * Level 2.1 Fighting
 - Level 2.3 Dodging
 - Level 1.3 Stealth
 + Level 1.2 Unarmed Combat
 * Level 1.4 Spellcasting
 - Level 3.2 Evocations


You had 4 spell levels left.
You didn't know any spells.
Your spell library contained the following spells:

 Spells                   Type           Power      Damage    Failure   Level
 Gell's Gravitas          Tloc           1%         N/A       56%         3
 Teleport Other           Tloc           1%         N/A       56%         3
 Dispersal                Tloc           0%         N/A       100%        6


Dungeon Overview and Level Annotations

Branches:
Dungeon (2/15)

Altars:

Annotations:
D:2 Robin, Terence


Innate Abilities, Weirdness & Mutations

You cannot wear most types of armour.
You are amphibious.
You can wear up to eight rings at the same time.
Your skin changes colour to match your surroundings (Stealth+).
Your rubbery body absorbs attacks. (AC +1, EV +1)
((You are camouflaged when in or above water. (Stealth+)))
You have tentacles for arms and can constrict up to eight enemies at once.


Message History

Your squeeze misses the goblin.
The goblin is moderately wounded.
You feel sick.
Terence shouts, "DIE!!!"
The goblin completely misses you.
The goblin hits you with a +1 dagger of venom.
You are more poisoned.
Aiming: Charm
Press: ? - help, Shift-Dir - straight line, f - goblin
Aim: a goblin, wielding a +1 dagger of venom (moderately wounded, strong, chance to affect: 73%)
The goblin is charmed.
You feel very sick.
The goblin unwields a +0 dagger.
The goblin wields a +0 sling.
The goblin shoots a sling bullet.
The sling bullet barely misses you.
The sling bullet closely misses your goblin.
The goblin barely misses you.
Robin drinks a potion.
Robin seems to speed up.
You swap places.
You feel very sick.
The goblin barely misses your goblin. x2
The goblin attacks as you move away! The goblin hits you with a +0 dagger.
* * * LOW HITPOINT WARNING * * *
x2 You feel sick.
You tentacle-slap the goblin. You grab the goblin.
The goblin is moderately wounded.
You constrict the goblin.
* * * LOW HITPOINT WARNING * * *
You feel sick.
The goblin escapes!
It was a potion of curing.
You feel better. The goblin hits you with a +0 dagger.
* * * LOW HITPOINT WARNING * * *
The goblin hits you with a +0 dagger.
* * * LOW HITPOINT WARNING * * *
Aiming: Charm
Press: ? - help, Shift-Dir - straight line, f - goblin
Aim: a goblin, wielding a +0 dagger (strong, chance to affect: 73%)
The goblin is charmed.
The goblin shoots a sling bullet.
The sling bullet hits your goblin!
Your goblin dies!
The goblin hits you with a +0 dagger.
You die...

...... . ..g#.##.
#gg...# #.>g..##
###..g...#
#....gg.g#
....@gg.g#
#.######)#
####..@g##
#........#
######†###.#
#..........#
#.#####.##..#
#.##..#######.
#####.#...........
.......†..########
####.#..##


You could see Robin (fast) and 2 goblins.

Vanquished Creatures
  An adder (D:2)
  A dart slug (D:1)
  3 endoplasms (D:1)
  2 goblins (D:1)
  A hobgoblin (D:1)
  6 jackals (D:1)
  A quokka (D:1)
  A ball python (D:1)
  4 bats
  3 frilled lizards
  A kobold (D:1)
  2 rats (D:1)
26 creatures vanquished.

Vanquished Creatures (others)
  2 goblins (D:2)
2 creatures vanquished.

Grand Total: 28 creatures vanquished

Notes
Turn   | Place    | Note
-------+----------+-------------------------------------------
     0 | D:1      | H0rd4k the Octopode Artificer began the quest for the Orb.
     0 | D:1      | Reached XP level 1. HP: 13/13 MP: 1/1
   387 | D:1      | Reached XP level 2. HP: 18/18 MP: 1/3
   752 | D:1      | Reached skill level 1 in Spellcasting
  1016 | D:1      | Reached XP level 3. HP: 21/24 MP: 4/4
  1019 | D:1      | Reached skill level 1 in Unarmed Combat
  1336 | D:1      | Found a faded altar of an unknown god.
  1336 | D:1      | Noticed a rust devil
  1523 | D:2      | Noticed Robin
  1524 | D:2      | Noticed Terence
  1533 | D:2      | Slain by a goblin

Illustrated notes

Levels and vault maps discovered:
D:1:      minmay_arrival_cross, layout_loops_ring,
          dreamdust_ecumenical_altar_sealed_demon
D:2:      minmay_inner_zag, layout_loops_ring, serial_shops, shop_fountains,
          guppyfry_early_orc_mine, uniq_robin, uniq_sigmund,
          uniq_crazy_yiuf_cottage, uniq_terence

Skill      XL: |  1  2  3 |
---------------+----------+-----
Spellcasting   | 1 |  1.4
Fighting       | 2 |  2.1
Unarmed Combat | 1 |  1.2
Dodging        | |  2.3
Stealth        | |  1.3
Evocations     | |  3.2

Action                   || total
-------------------------++-------
Melee: Unarmed           ||    66
       Tentacles         ||    15
       Constrict         ||    19
Evoke: Wand              ||     2
  Use: Potion            ||     1
 Stab: Sleeping          ||     9
Armor: Skin              ||     9
Dodge: Dodged            ||    53
